 Dungeon Crawl Stone Soup version 0.21-a0-59-g7b0e191 (webtiles) character file.

724 HAL9000 the Fighter (level 7, -5/88 HPs)
             Began as an Ogre Hunter on June 16, 2017.
             Slain by an ice beast (13 damage)
             ... on level 5 of the Dungeon.
             The game lasted 00:10:24 (6832 turns).

HAL9000 the Fighter (Ogre Hunter)                   Turns: 6832, Time: 00:10:25

Health: -5/88      AC:  3    Str: 18      XL:     7   Next: 71%
Magic:  0/7        EV: 12    Int: 12      God:
Gold:   348        SH:  0    Dex:  3 (10) Spells: 4/6 levels left

rFire    . . .     SeeInvis .   w - +0 flail
rCold    . . .     Gourm    .   (no shield)
rNeg     . . .     Faith    .   b - +0 robe
rPois    +         Spirit   +   (helmet restricted)
rElec    .         Reflect  .   t - scarf {Spirit}
rCorr    .         Harm     .   (gloves unavailable)
MR       .....                  (boots unavailable)
Stlth    +.........             (no amulet)
HPRegen  0.24/turn              z - +3 ring of evasion
MPRegen  0.10/turn              H - ring of poison resistance

@: no status effects
A: unfitting armour, tough skin 1
a: no special abilities


You were on level 5 of the Dungeon.
You were not hungry.

You visited 1 branch of the dungeon, and saw 5 of its levels.

You collected 348 gold pieces.

Inventory:

Hand Weapons
 w - a +0 flail (weapon)
Missiles
 d - a throwing net (quivered)
Armour
 b - a +0 robe (worn)
 t - a scarf of spirit shield (worn)
Jewellery
 z - a +3 ring of evasion (left hand)
 E - an uncursed ring of protection from cold
 H - a ring of poison resistance (right hand)
Scrolls
 h - 3 scrolls of teleportation {unknown}
 n - a scroll of recharging {unknown}
 o - 2 scrolls of remove curse {unknown}
 q - 3 scrolls of magic mapping {unknown}
 s - 2 scrolls of amnesia {unknown}
 x - 3 scrolls of fear {unknown}
 y - 3 scrolls of noise {unknown}
 I - a scroll of identify
 J - a scroll of fog {unknown}
Potions
 i - a potion of cancellation {unknown}
 j - 4 potions of curing
 u - a potion of flight {unknown}
 A - a potion of berserk rage
 B - 3 potions of brilliance
 D - 2 potions of might
 G - a potion of resistance {unknown}
Books
 p - a book of Minor Magic

   Spells                             Type                      Level
   a - Magic Dart                     Conjuration                  1
   b - Blink                          Translocation                2
   c - Call Imp                       Summoning                    2
   d - Slow                           Hexes                        2
   e - Conjure Flame                  Conjuration/Fire             3
   f - Mephitic Cloud                 Conjuration/Poison/Air       3
Comestibles
 f - 5 bread rations
 F - a royal jelly


   Skills:
 - Level 11.0 Fighting
 + Level 0.0 Maces & Flails
 - Level 4.0 Throwing
 - Level 1.7 Dodging
 - Level 0.6 Stealth


You had 4 spell levels left.
You knew the following spells:

 Your Spells              Type           Power        Failure   Level  Hunger
d - Blink                 Tloc           N/A          45%         2    ###....


Dungeon Overview and Level Annotations

Branches:
Dungeon (5/15)
 Temple: D:4-7

Altars:
Dithmenos
Elyvilon
Gozag
Hepliaklqana
Qazlal
Ru
Sif Muna
Vehumet
Xom


Innate Abilities, Weirdness & Mutations

You are too large for most types of armour.
You have tough skin. (AC +1)


Message History

You throw a large rock. The large rock hits the ice beast!
The ice beast is moderately wounded.
The ice beast closely misses you.
The ice beast hits you but does no damage.
Throwing (i - inventory. (,) - cycle):
c - a large rock (quivered)
Press: ? - help, Shift-Dir - straight line, f/p - ice beast
Aim: an ice beast (moderately wounded)
You throw a large rock. The large rock hits the ice beast!
The ice beast is heavily wounded.
The ice beast hits you. The ice beast freezes you!
* * * LOW HITPOINT WARNING * * *
Throwing (i - inventory):
d - 2 throwing nets (quivered)
Press: ? - help, Shift-Dir - straight line, f/p - ice beast
Aim: an ice beast (heavily wounded)
You throw a throwing net.
The throwing net closely misses the ice beast.
The ice beast hits you.
* * * LOW HITPOINT WARNING * * *
The ice beast freezes you!
You die...

###### ####### ######....#
#.@Y.(# .....'....#
#.###.# ######....#
#.#.#.######## # ######'##
#.#..........# # #.......#
#.#........... # #.......#
#.#...######.. # #.......#
#.#........... #
#.......#####.#(.######...
########........#..#


You could see an ice beast.

Vanquished Creatures
  Duvessa (D:5)
  A phantom (D:4)
  An ogre (D:5)
  A bullfrog (D:5)
  Dowan (D:5)
  2 crimson imps (D:5)
  A quasit (D:5)
  2 hounds
  An iguana (D:5)
  5 adders
  An ooze (D:3)
  A worm (D:2)
  6 dart slugs
  2 leopard geckos (D:4)
  9 orcs
  A ball python (D:2)
  5 giant cockroaches
  11 goblins
  6 hobgoblins
  2 jackals (D:2)
  6 kobolds
  A quokka (D:2)
  8 bats
  3 frilled lizards
  A jackal skeleton (D:4)
  A leopard gecko zombie (D:3)
  6 rats
86 creatures vanquished.

Notes
Turn   | Place    | Note
-------+----------+-------------------------------------------
     0 | D:1      | HAL9000 the Ogre Hunter began the quest for the Orb.
     0 | D:1      | Reached XP level 1. HP: 22/22 MP: 1/1
   121 | D:1      | Reached skill level 3 in Fighting
   447 | D:1      | Reached XP level 2. HP: 19/32 MP: 2/2
   772 | D:1      | Reached skill level 4 in Fighting
   962 | D:2      | Found a hazy altar of Hepliaklqana.
  1009 | D:2      | Reached XP level 3. HP: 39/40 MP: 3/3
  1122 | D:2      | Reached skill level 5 in Fighting
  1123 | D:2      | Found a white marble altar of Elyvilon.
  1123 | D:2      | Found a deep blue altar of Sif Muna.
  1383 | D:2      | Learned a level 2 spell: Blink
  1853 | D:2      | Reached XP level 4. HP: 39/50 MP: 4/4
  2028 | D:2      | Found a shimmering altar of Xom.
  2028 | D:2      | Found a sacrificial altar of Ru.
  2029 | D:2      | Found a shadowy altar of Dithmenos.
  2029 | D:2      | Found a stormy altar of Qazlal.
  2031 | D:2      | Found an opulent altar of Gozag.
  2454 | D:3      | Reached skill level 6 in Fighting
  3293 | D:3      | Reached XP level 5. HP: 52/61 MP: 1/5
  4243 | D:4      | Noticed a phantom
  4282 | D:4      | Killed a phantom
  4282 | D:4      | Reached skill level 8 in Fighting
  4282 | D:4      | Reached XP level 6. HP: 51/72 MP: 6/6
  4917 | D:5      | Entered Level 5 of the Dungeon
  5075 | D:5      | Found a radiant altar of Vehumet.
  5301 | D:5      | Reached skill level 9 in Fighting
  5507 | D:5      | Noticed Dowan
  5508 | D:5      | Noticed Duvessa
  5522 | D:5      | Killed Dowan
  5522 | D:5      | Reached XP level 7. HP: 75/84 MP: 5/7
  5560 | D:5      | Killed Duvessa
  5560 | D:5      | Reached skill level 10 in Fighting
  5973 | D:5      | HP: 1/87 [iguana (10)]
  6748 | D:5      | Reached skill level 11 in Fighting
  6832 | D:5      | Slain by an ice beast

Vault maps used:
D:1:      nicolae_arrival_memento_mori
D:2:      lemuel_doored_altar, minitemple
D:3:      first_bread, roderic_serpentine_path, roderic_lattice_a
D:5:      lemuel_round_altar, minivault_5, uniq_duvessa

Skill      XL: |  1  2  3  4  5  6  7 |
---------------+----------------------+-----
Fighting       | 3 4 5 6 8 9 11 | 11.0
Throwing       | |  4.0
Dodging        | |  1.7
Stealth        | |  0.6

Action                   |  1- 3 |  4- 6 |  7- 9 || total
-------------------------+-------+-------+-------++-------
Melee: Short sword       |    32 |       |       ||    32
       Mace              |    96 |   135 |       ||   231
       Flail             |       |   117 |    76 ||   193
Throw: Large rock        |     3 |    13 |     6 ||    22
       Throwing net      |       |     2 |     1 ||     3
  Use: Scroll            |       |     4 |       ||     4
 Stab: Sleeping          |     2 |     3 |       ||     5
  Eat: Chunk             |     3 |     7 |       ||    10
       Meat ration       |       |     1 |     1 ||     2
Armor: Robe              |    63 |    83 |    27 ||   173
Dodge: Dodged            |   105 |   170 |    82 ||   357
